 Dungeon Crawl Stone Soup version 0.27-a0-46-g34d46f0a3f (webtiles) character file.

Game seed: 1569614949038295931

866 Borgoz the Slasher (level 8, -1/48 HPs)
             Began as a Gargoyle Gladiator on Jan 6, 2021.
             Slain by a phantom (4 damage)
             ... on level 4 of the Dungeon.
             The game lasted 00:05:06 (4622 turns).

Borgoz the Slasher (Gargoyle Gladiator)             Turns: 4622, Time: 00:05:07

Health: -1/48      AC: 19    Str: 18    XL:     8   Next: 3%
Magic:  8/8        EV:  7    Int:  9    God:
Gold:   242        SH:  0    Dex: 13    Spells: 5/7 levels left

rFire    . . .     SeeInvis .   a - +0 long sword
rCold    . . .     Faith    .   (no shield)
rNeg     + . .     Spirit   .   r - +0 plate armour
rPois    ∞         Reflect  .   c - +0 helmet
rElec    +         Harm     .   (no cloak)
rCorr    +         Rampage  .   p - +0 pair of gloves
Will     .....                  (no boots)
Stlth    ..........             (no amulet)
HPRegen  0.16/turn              o - ring of resist corrosion
MPRegen  0.11/turn              (no ring)

@: confused, mighty, very slightly contaminated, invisible
A: negative energy resistance 1, electricity resistance, unbreathing,
petrification resistance, miasma immunity, AC +5
a: no special abilities


You were on level 4 of the Dungeon.
You visited 1 branch of the dungeon, and saw 6 of its levels.

You collected 242 gold pieces.

Inventory:

Hand Weapons
 a - a +0 long sword (weapon)
Missiles
 d - 2 throwing nets (quivered)
Armour
 c - a +0 helmet (worn)
 p - a +0 pair of gloves (worn)
 r - a +0 plate armour (worn)
Jewellery
 o - a ring of resist corrosion (left hand)
Scrolls
 e - 2 scrolls of remove curse
 i - a scroll of fog {unknown}
 l - a scroll of random uselessness {unknown}
 q - a scroll of amnesia {unknown}
Potions
 f - 2 potions of flight
 k - a potion of resistance


   Skills:
 + Level 4.4 Fighting
 * Level 5.3 Long Blades
 - Level 1.7 Throwing
 + Level 3.5 Armour
 * Level 4.9 Dodging


You had 5 spell levels left.
You knew the following spells:

 Your Spells              Type           Power        Failure   Level
a - Blink                 Tloc           N/A          100%        2

Your spell library contained the following spells:

 Spells                   Type           Power        Failure   Level
 Animate Skeleton         Necr           0%           100%        1
 Apportation              Tloc           0%           100%        1
 Corona                   Hex            0%           100%        1
 Freeze                   Ice            0%           100%        1
 Magic Dart               Conj           0%           100%        1
 Summon Small Mammal      Summ           0%           100%        1
 Call Imp                 Summ           0%           100%        2
 Slow                     Hex            0%           100%        2
 Conjure Flame            Conj/Fire      0%           100%        3
 Frozen Ramparts          Ice            0%           100%        3
 Mephitic Cloud           Conj/Pois/Air  0%           100%        3
 Ozocubu's Armour         Ice            0%           100%        3
 Hailstorm                Conj/Ice       0%           100%        4
 Summon Ice Beast         Ice/Summ       0%           100%        4


Dungeon Overview and Level Annotations

Branches:
Dungeon (6/15)
 Temple: D:4-7

Altars:
Nemelex Xobeh
Trog


Innate Abilities, Weirdness & Mutations

You are resistant to torment.
Your stone body is resilient. (AC +5)
You are immune to poison.
You resist negative energy. (rN+)
You are resistant to electric shocks. (rElec)
You can survive without breathing.
You are immune to petrification.
You are immune to miasma.


Message History

The orc priest barely misses you. The phantom hits you.
* * * LOW HITPOINT WARNING * * *
The phantom blinks!
You slash the orc priest!
The orc priest is severely wounded.
Something hits you.
* * * LOW HITPOINT WARNING * * *
The orc priest invokes the aid of Beogh against you.
You struggle to resist.
You closely miss the orc priest.
The orc priest is severely wounded.
You hear some strange, mumbled words.
You are confused.
The orc priest hits you but does no damage.
The phantom hits you but does no damage.
It was a potion of might.
You feel very mighty all of a sudden. Something hits you but does no damage.
The orc priest completely misses you. The phantom hits you.
You die...

#.### #.###.# #.#..
#......
#.#.#################
#....................
###.##############...
#........... #.##
#..######### #...
#####..#....# #.##
#....o@{.# #.#
#.###W...# #.# #.##.#
#.# #.##.# #.# .. ..#
#.# ##'#... ...
.....# .....# ....#


You could see a phantom and an orc priest.

Vanquished Creatures
  A phantom (D:4)
  An ogre (D:3)
  2 bullfrogs (D:6)
  A jelly (D:5)
  A centaur skeleton (D:4)
  2 hounds (D:4)
  3 orc priests
  An orc wizard (D:4)
  Jessica (D:2)
  Natasha (thrice) (D:2)
  A worker ant (D:4)
  A worker ant zombie (D:5)
  4 gnolls (D:3)
  6 adders
  A white imp (D:5)
  2 worms
  3 dart slugs (D:1)
  2 leopard geckos (D:1)
  13 orcs
  7 bats
  6 giant cockroaches
  2 hobgoblins
  5 jackals
  7 kobolds
  2 ball pythons
  3 frilled lizards
  7 goblins
  12 rats
100 creatures vanquished.

Notes
Turn   | Place    | Note
-------+----------+-------------------------------------------
     0 | D:1      | Borgoz the Gargoyle Gladiator began the quest for the Orb.
     0 | D:1      | Reached XP level 1. HP: 12/12 MP: 1/1
    95 | D:1      | Reached XP level 2. HP: 18/18 MP: 2/2
   180 | D:1      | Reached skill level 3 in Long Blades
   255 | D:1      | Reached XP level 3. HP: 19/22 MP: 3/3
   382 | D:1      | Reached skill level 1 in Armour
  1025 | D:2      | Noticed Jessica
  1035 | D:2      | Killed Jessica
  1036 | D:2      | Reached XP level 4. HP: 27/27 MP: 4/4
  1108 | D:2      | Noticed Natasha
  1121 | D:2      | Killed Natasha
  1189 | D:2      | Noticed Natasha
  1199 | D:2      | Killed Natasha
  1200 | D:2      | Reached XP level 5. HP: 19/32 MP: 5/5
  1359 | D:2      | Noticed Natasha
  1367 | D:2      | Killed Natasha
  1613 | D:2      | Noticed a moth of wrath
  1617 | D:2      | Found a bloodstained altar of Trog.
  1865 | D:3      | You fall into a shaft and drop 3 floors!
  1876 | D:6      | Reached skill level 4 in Long Blades
  1876 | D:6      | Reached XP level 6. HP: 27/37 MP: 6/6
  2050 | D:6      | Learned a level 2 spell: Blink
  2051 | D:5      | Entered Level 5 of the Dungeon
  2255 | D:4      | Noticed a phantom
  2348 | D:4      | Killed a phantom
  2349 | D:4      | Reached XP level 7. HP: 23/42 MP: 7/7
  3124 | D:3      | Found a sparkling altar of Nemelex Xobeh.
  4093 | D:3      | Reached skill level 5 in Long Blades
  4358 | D:4      | Found Ciuweown's Distillery.
  4525 | D:4      | Reached XP level 8. HP: 48/48 MP: 8/8
  4622 | D:4      | Slain by a phantom

Illustrated notes

Levels and vault maps discovered:
D:1:      sevenhm_arrival_forest_fort_large_2, layout_loops_ring,
          bh_walls_and_bars
D:2:      layout_basic, tgw_trog, uniq_jessica, uniq_natasha
D:3:      layout_loops_ring, nicolae_overflow_hidden_temple,
          lemuel_coloured_pillars_altar, feat_on_display
D:4:      layout_basic, minmay_temple_entry_drinking_statues, serial_shops,
          shop, nicolae_qazlal_general_emergency
D:5:      layout_rooms, lexackson_kobold_supper, uniq_crazy_yiuf_cottage,
          uniq_prince_ribbit1
D:6:      layout_loops_corners, kennysheep_mini, nicolae_overflow_crystal_walls

Skill      XL: |  1  2  3  4  5  6  7 |
---------------+----------------------+-----
Long Blades    | 3 4 5 |  5.3
Armour         | 1 2 3 |  3.5
Dodging        | 3 4 |  4.9
Fighting       | 3 4 |  4.4
Throwing       | |  1.7

Action                   |  1- 3 |  4- 6 |  7- 9 || total
-------------------------+-------+-------+-------++-------
Melee: Long sword        |    71 |   186 |   223 ||   480
Throw: Throwing net      |       |       |     1 ||     1
  Use: Scroll            |       |     5 |     2 ||     7
       Potion            |       |       |     8 ||     8
 Stab: Invisible         |       |       |     2 ||     2
Armor: Leather armour    |     9 |       |       ||     9
       Scale mail        |    24 |    40 |       ||    64
       Plate armour      |       |   100 |   215 ||   315
Dodge: Dodged            |    48 |   107 |   107 ||   262
       Rpst.: Long sword |    13 |    34 |    31 ||    78

Table legend: (Time is in decaauts)
 A = Elapsed time spent in this place.
 B = Non-inter-level travel time spent in this place.
 C = Inter-level travel time spent in this place.
 D = Time resting spent in this place.
 E = Time spent auto-exploring this place.
 F = Levels seen in this place.
 G = Mean time per level.
                   A        B        C        D        E       F      G
               +--------+--------+--------+--------+--------+-----+--------+
         Total |   4713 |   4469 |    244 |    895 |   2553 |   6 |  785.5 |
       Dungeon |   4713 |   4469 |    244 |    895 |   2553 |   6 |  785.5 |
               +--------+--------+--------+--------+--------+-----+--------+

Top non-repeatable levels by time:
     D:3: 1875 daAuts
     D:1: 969 daAuts
     D:2: 873 daAuts
     D:4: 661 daAuts
     D:6: 188 daAuts
     D:5: 143 daAuts
